 Dungeon Crawl Stone Soup version 0.30-a0-618-gd6c86c23d0 (webtiles) character file.

Game seed: 17920021967861831978

1244242 Dirtsage the Slayer (level 27, -6/330 HPs)
             Began as an Octopode Transmuter on Jan 5, 2023.
             Was the Champion of the Shining One.
             Mangled by a death scarab (16 damage)
             ... on level 2 of the Tomb of the Ancients on Jan 9, 2023.
             The game lasted 07:00:00 (94943 turns).

Dirtsage the Slayer (Octopode Transmuter)          Turns: 94943, Time: 07:00:01

Health: -6/330     AC: 20    Str: 23      XL:     27
Magic:  69/72      EV: 24    Int: 44 (46) God:    the Shining One [******]
Gold:   13105      SH: 17    Dex: 21      Spells: 16/70 levels left

rFire   + + +      SeeInvis +      - Unarmed
rCold   + . .      Faith    .    (shield currently unavailable)
rNeg    + + +      Spirit   .    (helmet currently unavailable)
rPois   +          Reflect  +    N - amulet "Pyghydy" {Reflect rElec Str+3 Dex+2 SH+5}
rElec   +          Harm     .    M - ring of Ethics {rPois rF+ MP+9 Int+8}
rCorr   +          Rampage  .    Z - ring of Moodiness {rF+ rN+ Will+ Str-4 Int+6}
Will    +++++                    V - ring of Riypanap {Drain Fly rC+ rCorr Dex+6}
Stlth   +                        F - ring "Xuaxisos" {Drain rF+ MP+9 SInv}
HPRegen 0.75/turn                m - ring "Obiarief" {rF+ Will+ Int+5 Slay+4}
MPRegen 0.43/turn                A - ring "Osso" {rN+ Will+ Slay+3}
                                 O - ring "Xaitom Hefi" {Contam rC+ Str+3}
                                 W - +4 ring of protection

@: divinely shielded, about to teleport, dragon-form, flying, slowed, glowing,
studying 2 skills, very slow
A: dragon claw, dragon scales, breathe fire, flying, boosted hp, almost no
armour, amphibious, 8 rings, giant, (camouflage 1), (gelatinous body 1), (nimble
swimmer 1), (tentacles), (antennae 1), high MP 1, screaming 1
}: 14/15 runes: barnacled, slimy, silver, iron, obsidian, icy, bone, abyssal,
demonic, glowing, magical, fiery, dark, gossamer
a: Breathe Fire, End Transformation, Renounce Religion, Divine Shield, Cleansing
Flame, Summon Divine Warrior, Brand Weapon With Holy Wrath


You were on level 2 of the Tomb of the Ancients.
You worshipped the Shining One.
The Shining One was exalted by your worship.
You were a fearsome dragon!
You visited 17 branches of the dungeon, and saw 82 of its levels.
You visited Pandemonium 1 time, and saw 19 of its levels.
You visited the Abyss 1 time.
You also visited: Bailey, Gauntlet and Desolation.

You collected 15064 gold pieces.
You spent 1959 gold pieces at shops.

Inventory:

Armour
 k - a +2 tower shield
 E - the +1 hat "Ogoghe Toenn" (melded) {Will+}
   (You found it on level 1 of the Shoals)

   Will:      It increases your willpower.
Magical Staves
 X - a staff of air (melded)
Jewellery
 c - the ring "Kunt" {Wiz rN+ rCorr Dex+2}
   (You found it on level 7 of Gehenna)

   [ring of wizardry]

   It improves your spell success rate.
   Dex:       It affects your dexterity (+2).
   rN:        It protects you from negative energy.
   rCorr:     It protects you from acid and corrosion.
 i - the ring "Riqutogi" {Wiz rC- Int+5}
   (You acquired it on level 2 of the Shoals)

   [ring of wizardry]

   It improves your spell success rate.
   Int:       It affects your intelligence (+5).
   rC:        It makes you vulnerable to cold.
 m - the ring "Obiarief" (on tentacle) {rF+ Will+ Int+5 Slay+4}
   (You found it on level 7 of the Iron City of Dis)

   [ring of slaying]

   Int:       It affects your intelligence (+5).
   Slay:      It affects your accuracy & damage with ranged weapons and melee
   (+4).
   rF:        It protects you from fire.
   Will:      It increases your willpower.
 v - the ring of Veugiloh {rElec rF- Will+ rCorr Str+3}
   (You found it on level 1 of the Lair of Beasts)

   [ring of willpower]

   Str:       It affects your strength (+3).
   rF:        It makes you vulnerable to fire.
   rElec:     It insulates you from electricity.
   rCorr:     It protects you from acid and corrosion.
   Will:      It increases your willpower.
 z - the ring of Oroaho {Fire Will+ Str+2 Int+2}
   (You found it on level 5 of the Pits of Slime)

   [ring of fire]

   It enhances your fire magic.
   Str:       It affects your strength (+2).
   Int:       It affects your intelligence (+2).
   rF:        It protects you from fire.
   rC:        It makes you vulnerable to cold.
   Will:      It increases your willpower.
 A - the ring "Osso" (on tentacle) {rN+ Will+ Slay+3}
   (You found it on level 3 of the Spider Nest)

   [ring of positive energy]

   Slay:      It affects your accuracy & damage with ranged weapons and melee
   (+3).
   rN:        It protects you from negative energy.
   Will:      It increases your willpower.
 F - the ring "Xuaxisos" (on tentacle) {Drain rF+ MP+9 SInv}
   (You found it in Pandemonium)

   [ring of see invisible]

   rF:        It protects you from fire.
   MP:        It affects your magic capacity (+9).
   SInv:      It lets you see invisible.
   Drain:     It drains your maximum health when unequipped.
 H - the ring of Plog {+Blink Str+6 Int+4}
   (You found it on level 2 of the Lair of Beasts)

   [ring of strength]

   Str:       It affects your strength (+6).
   Int:       It affects your intelligence (+4).
   +Blink:    It lets you blink.
 I - a ring of protection from cold
 M - the ring of Ethics (left foreclaw) {rPois rF+ MP+9 Int+8}
   (You found it in Pandemonium)

   [ring of poison resistance]

   Int:       It affects your intelligence (+8).
   rF:        It protects you from fire.
   rPois:     It protects you from poison.
   MP:        It affects your magic capacity (+9).
 N - the amulet "Pyghydy" (around neck) {Reflect rElec Str+3 Dex+2 SH+5}
   (You took it off a balrug in Pandemonium)

   [amulet of reflection]

   It reflects blocked missile attacks.
   Str:       It affects your strength (+3).
   Dex:       It affects your dexterity (+2).
   rElec:     It insulates you from electricity.
   SH:        It affects your SH (+5).
 O - the ring "Xaitom Hefi" (on tentacle) {Contam rC+ Str+3}
   (You took it off a deep elf demonologist on level 3 of the Elven Halls)

   [ring of protection from cold]

   Str:       It affects your strength (+3).
   rC:        It protects you from cold.
   Contam:    It causes magical contamination when unequipped.
 V - the ring of Riypanap (on tentacle) {Drain Fly rC+ rCorr Dex+6}
   (You found it in the Desolation of Salt)

   [ring of protection from cold]

   Dex:       It affects your dexterity (+6).
   rC:        It protects you from cold.
   Fly:       It grants you flight.
   rCorr:     It protects you from acid and corrosion.
   Drain:     It drains your maximum health when unequipped.
 W - a +4 ring of protection (on tentacle)
 Y - the ring "Diptug" {rPois Will+ rCorr}
   (You found it on level 7 of Gehenna)

   [ring of resist corrosion]

   rPois:     It protects you from poison.
   rCorr:     It protects you from acid and corrosion.
   Will:      It increases your willpower.
 Z - the ring of Moodiness (right foreclaw) {rF+ rN+ Will+ Str-4 Int+6}
   (You found it in a Gauntlet)

   [ring of intelligence]

   Str:       It affects your strength (-4).
   Int:       It affects your intelligence (+6).
   rF:        It protects you from fire.
   rN:        It protects you from negative energy.
   Will:      It increases your willpower.
Wands
 u - a wand of polymorph (19)
 C - a wand of quicksilver (39)
 D - a wand of digging (11)
 G - a wand of paralysis (35)
 R - a wand of roots (69)
Scrolls
 e - 12 scrolls of magic mapping
 g - 7 scrolls of fear
 o - 8 scrolls of vulnerability
 p - 11 scrolls of fog
 r - 12 scrolls of immolation
 s - 9 scrolls of amnesia
 t - 27 scrolls of teleportation
 x - 8 scrolls of enchant armour
 y - 14 scrolls of poison
 B - 5 scrolls of blinking
 S - 3 scrolls of silence
Potions
 a - 15 potions of lignification
 b - 17 potions of flight
 d - 12 potions of might
 f - 13 potions of attraction
 h - 9 potions of haste
 j - 9 potions of magic
 l - 10 potions of heal wounds
 n - 7 potions of resistance
 q - 35 potions of curing
 w - 10 potions of mutation
 K - 18 potions of ambrosia
 P - 4 potions of cancellation
 Q - 6 potions of brilliance
Miscellaneous
 J - a lightning rod (4/4)
 L - a tin of tremorstones (2/2)
 T - a phantom mirror
 U - a phial of floods


   Skills:
 + Level 26.0 Fighting
 + Level 24.3 Dodging
 * Level 12.2 Shields
 + Level 23.7 Unarmed Combat
 - Level 22.1 Spellcasting
 - Level 18.0 Translocations
 + Level 24.1 Transmutations
 - Level 23.2 Ice Magic
 + Level 24.0 Air Magic
 + Level 17.4 Invocations
 - Level 7.0 Evocations


You had 16 spell levels left.
You knew the following spells:

 Your Spells              Type           Power      Damage    Failure   Level
a - Storm Form            Tmut/Air       65%        N/A       0%          7
b - Manifold Assault      Tloc           100%       N/A       0%          4
c - Vhi's Electric Charg  Tloc/Air       100%       N/A       0%          3
d - Wereblood             Tmut           100%       N/A       0%          2
e - Ice Form              Ice/Tmut       100%       N/A       0%          4
f - Dragon Form           Tmut           65%        N/A       0%          7
g - Beastly Appendage     Tmut           100%       N/A       0%          1
h - Disjunction           Tloc           59%        N/A       1%          8
i - Polar Vortex          Ice            64%        N/A       3%          9
j - Passage of Golubria   Tloc           100%       N/A       0%          4
s - Lesser Beckoning      Tloc           100%       N/A       0%          3
w - Passwall              Tmut/Erth      84%        N/A       0%          2

Your spell library contained the following spells:

 Spells                   Type           Power      Damage    Failure   Level
 Apportation              Tloc           100%       N/A       0%          1
 Freeze                   Ice            100%       1d10      0%          1
 Shock                    Conj/Air       100%       1d9       0%          1
 Sting                    Tmut/Pois      100%       1d8       0%          1
 Blink                    Tloc           100%       N/A       0%          2
 Ensorcelled Hibernation  Hex/Ice        100%       N/A       0%          2
 Momentum Strike          Conj/Tloc      100%       3d10      0%          2
 Poisonous Vapours        Pois/Air       100%       N/A       0%          2
 Static Discharge         Conj/Air       100%       2-7/arc   0%          2
 Frozen Ramparts          Ice            100%       1d16      0%          3
 Gell's Gravitas          Tloc           100%       N/A       0%          3
 Hailstorm                Conj/Ice       100%       3d20      0%          3
 Kindle Blastsparks       Fire/Tloc/Air  100%       2d18      0%          3
 Ozocubu's Armour         Ice            100%       N/A       0%          3
 Spider Form              Tmut/Pois      100%       N/A       0%          3
 Swiftness                Air            100%       N/A       0%          3
 Teleport Other           Tloc           100%       N/A       0%          3
 Airstrike                Air            65%        2d(10-26) 0%          4
 Blade Hands              Tmut           65%        N/A       0%          5
 Freezing Cloud           Conj/Ice/Air   56%        6-21      0%          5
 Foxfire                  Conj/Fire      100%       2x1d9     1%          1
 Magic Dart               Conj           100%       1d8       1%          1
 Necrotise                Necr           100%       1d9       1%          1
 Sandblast                Erth           96%        2d20      1%          1
 Slow                     Hex            100%       N/A       1%          1
 Summon Small Mammal      Summ           100%       N/A       1%          1
 Call Imp                 Summ           48%        N/A       1%          2
 Scorch                   Fire           96%        2d9       1%          2
 Searing Ray              Conj           96%        2d7       1%          2
 Call Canine Familiar     Summ           48%        N/A       1%          3
 Confusing Touch          Hex            48%        N/A       1%          3
 Ignite Poison            Fire/Tmut/Pois 88%        N/A       1%          3
 Inner Flame              Hex/Fire       48%        N/A       1%          3
 Mephitic Cloud           Conj/Pois/Air  87%        N/A       1%          3
 Portal Projectile        Hex/Tloc       100%       N/A       1%          3
 Stone Arrow              Conj/Erth      96%        3d13      1%          3
 Summon Guardian Golem    Hex/Summ       48%        N/A       1%          3
 Tukima's Dance           Hex            48%        N/A       1%          3
 Vampiric Draining        Necr           48%        2d9       1%          3
 Iskenderun's Mystic Bla  Conj/Tloc      91%        2d18      1%          4
 Petrify                  Tmut/Erth      100%       N/A       1%          4
 Summon Ice Beast         Ice/Summ       100%       N/A       1%          4
 Summon Lightning Spire   Summ/Air       100%       N/A       1%          4
 Alistair's Intoxication  Tmut/Pois      67%        N/A       1%          5
 Arcjolt                  Conj/Air       50%        1d60      1%          5
 Lightning Bolt           Conj/Air       50%        1d71      1%          5
 Metabolic Englaciation   Hex/Ice        50%        N/A       1%          5
 Silence                  Hex/Air        50%        N/A       1%          5
 Summon Forest            Summ/Tloc      45%        N/A       1%          5
 Yara's Violent Unravell  Hex/Tmut       50%        3d19      1%          5
 Conjure Ball Lightning   Conj/Air       50%        3x3d17    1%          6
 Dispersal                Tloc           59%        N/A       1%          6
 Simulacrum               Ice/Necr       50%        N/A       1%          6
 Statue Form              Tmut/Erth      67%        N/A       1%          6
 Maxwell's Capacitive Co  Air            65%        ∞         1%          8
 Anguish                  Hex/Necr       24%        N/A       3%          4
 Animate Dead             Necr           48%        N/A       3%          4
 Cause Fear               Hex            24%        N/A       3%          4
 Dispel Undead            Necr           48%        3d18      3%          4
 Flame Wave               Conj/Fire      48%        2d12      3%          4
 Fulminant Prism          Conj/Hex       24%        3d12      3%          4
 Leda's Liquefaction      Hex/Erth       24%        N/A       3%          4
 Olgreb's Toxic Radiance  Pois           48%        N/A       3%          4
 Sticky Flame             Conj/Fire      48%        2d7       3%          4
 Malign Gateway           Summ/Tloc      45%        N/A       9%          7
 Fireball                 Conj/Fire      24%        3d11      11%         5
 Iskenderun's Battlesphe  Conj           48%        2d10      11%         5
 Summon Mana Viper        Hex/Summ       48%        N/A       11%         5
 Iron Shot                Conj/Erth      24%        9d5       52%         6
 Starburst                Conj/Fire      24%        6d8       52%         6
 Summon Cactus Giant      Summ           24%        N/A       52%         6
 Haunt                    Necr/Summ      24%        N/A       97%         7
 Orb of Destruction       Conj           24%        9d9       97%         7
 Summon Hydra             Summ           24%        N/A       97%         7
 Lehudib's Crystal Spear  Conj/Erth      24%        10d7      100%        8
 Summon Horrible Things   Summ           24%        N/A       100%        8
 Dragon's Call            Summ           24%        N/A       100%        9
 Animate Armour           Summ/Erth      Unusable   N/A       N/A         4

Dungeon Overview and Level Annotations

Branches:
Dungeon (15/15)            Temple (1/1) D:7            Lair (5/5) D:8
 Shoals (4/4) Lair:3       Spider (4/4) Lair:3        Slime (5/5) Lair:4
    Orc (2/2) D:9             Elf (3/3) Orc:2        Vaults (5/5) D:14
  Crypt (3/3) Vaults:3       Tomb (2/3) Crypt:3      Depths (4/4) D:15
   Hell (visited)             Dis (7/7) Hell            Geh (7/7) Hell
    Coc (7/7) Hell            Tar (7/7) Hell            Zot (0/5) Depths:4
 Bailey (visited)         Desolation (visited)      Gauntlet (visited)

Altars:
Ashenzari
Cheibriados
Dithmenos
Elyvilon
Fedhas
Gozag
Hepliaklqana
Kikubaaqudgha
Makhleb
Nemelex Xobeh
Okawaru
Qazlal
Ru
Sif Muna
Trog
Uskayaw
Vehumet
Wu Jian
Xom
Yredelemnul
Zin
The Shining One
Jiyva

Shops:
D:1 (   Orc:1 *   Orc:2 [*=([:   Elf:2 [   Elf:3 [   Shoals:3 [

Portals:
Hell: Depths:1 Depths:2 Depths:3 Depths:4
Abyss: Depths:3 Depths:4
Pandemonium: Depths:2
Ziggurat: Depths:4
Trove: Vaults:3 (give 7 scrolls of fear)


Innate Abilities, Weirdness & Mutations

You are a fearsome dragon!
You have a powerful clawing attack.
Your giant scaled body is strong and resiliant, but less evasive.
You can breathe fire.
You are flying.
Your maximum health is greatly increased.
Your armour is entirely melded.
You are incapable of wielding weapons or throwing items.
You cannot wear most types of armour.
You are amphibious.
You can wear up to eight rings at the same time.
((Your skin changes colour to match your surroundings (Stealth+).))
((Your rubbery body absorbs attacks. (AC +1, EV +1)))
((You are camouflaged when in or above water. (Stealth+)))
((You have tentacles for arms and can constrict up to eight enemies at once.))
((You have a pair of small antennae on your head.))
You have an increased reservoir of magic. (+10% MP)
You occasionally shout uncontrollably at your foes.


Message History

You hear a faint skittering sound. x3
The death scarab completely misses you. The death scarab closely misses you.
You block the death scarab's attack. x2
The fenstrider witch zombie hits you but does no damage.
You block the fenstrider witch zombie's attack.
The death scarab completely misses you.
Casting: Manifold Assault (safe; 0% risk of failure)
Confirm with . or Enter, or press ? or * to list all spells.
Space momentarily warps into an impossible shape!
You bite the death scarab!! You hit the fenstrider witch zombie.
You hear a faint skittering sound.
You block the death scarab's attack.
The death scarab fails to trigger a net trap.
You block the death scarab's attack. The death scarab barely misses you.
The death scarab bites you.
* * * LOW HITPOINT WARNING * * *
The death scarab drains your vigour!
You feel as though you will be slow longer.
The fenstrider witch zombie hits you but does no damage.
The fenstrider witch zombie closely misses you.
You take 6 damage, and have 25/330 hp.
You now have 68/72 mp.
As you read the scroll of teleportation, it crumbles to dust.
You feel strangely unstable. The death scarab completely misses you.
The death scarab bites you!
* * * LOW HITPOINT WARNING * * *
The death scarab drains your vigour!
You feel as though you will be slow longer.
The death scarab bites you but does no damage.
You block the death scarab's attack. x2; The death scarab barely misses you.
The death scarab closely misses you.
A death scarab comes into view.
You block the fenstrider witch zombie's attack.
The fenstrider witch zombie barely misses you.
The death scarab closely misses you. The death scarab completely misses you.
The fenstrider witch zombie misses you.
The fenstrider witch zombie closely misses you.
The death scarab completely misses you.
The death scarab fails to trigger a net trap.
The death scarab bites you!
You die...

*******######*####*********
*,,,,,,#....#.....,,,,,,^*,
*,,,,,,#....#B.!,,,,,,,,,*,
*,,,,,,#..B.BM,,,,,,,,,,,*,
*,,,,,,#.BZB#^,,,,,,,,,,,*,
*,,,,,,#.BDB#,,,,,,,,,^,,*,
*,,^,**###+#########******+
*,,,^*,,............,,,,,,,
***+**,,....^.....##.#*,,,,
*,,,,#,.##B......##...##,,,
*<,,,#..##..(.............,
*,,,^#..........}........,,
***+*#......§..##.......#*.
*,,,^#.........##..$....##.


You could see 7 death scarabs, a mummy and a fenstrider witch zombie.

Vanquished Creatures
  Cerebov (Pan)
  the Royal Jelly (Slime:5)
  Ereshkigal (Tar:7)
  Gloorx Vloq (Pan)
  Lom Lobon (Pan)
  Mnoleg (Pan)
  6 dread liches
  Dispater (Dis:7)
  6 ancient liches
  Mennas (Pan)
  2 juggernauts (Dis:7)
  3 royal mummies
  Sojobo (Vaults:3)
  9 shard shrikes
  Xtahua (Vaults:3)
  Bai Suzhen (Crypt:1)
  Saint Roka (Vaults:4)
  29 caustic shrikes
  Jory (Vaults:3)
  8 pandemonium lords (Pan)
  15 bone dragons
  3 golden dragons
  Arachne (Spider:2)
  14 Brimstone Fiends
  9 doom hounds
  21 profane servitors
  19 iron giants
  16 Tzitzimimeh
  A shard shrike zombie (Crypt:3)
  2 spectral shard shrikes
  The ghost of Xiwoan the Blocker, an adept GnFi of Gozag (Shoals:1)
  3 tentacled monstrosities
  20 hellephants
  29 Hell Sentinels
  22 Ice Fiends
  Zenata (Elf:1)
  Grunn (Crypt:2)
  Asterion (Vaults:3)
  Mlioglotl (Spider:1)
  23 tainted leviathans
  13 liches
  A deep elf master archer (Elf:3)
  2 deep elf blademasters
  13 searing wretches
  11 titans
  3 quicksilver dragons
  2 eldritch tentacles
  24 acid blobs
  25 ancient champions
  Polyphemus (Shoals:4)
  11 sphinxes
  19 Executioners (Pan)
  Kirke (D:15)
  10 tengu reavers
  4 tentacled starspawn (Abyss:3)
  3 krakens
  Frances (D:13)
  4 storm dragons
  8 revenants
  Roxanne (D:14)
  14 shadow dragons
  14 rockslimes
  Donald (Crypt:1)
  30 narguns
  24 azure jellies
  A draconian knight (Depths:4)
  21 fire giants
  6 demonspawn warmongers (Pan)
  The ghost of Dirtsage the Summoner, an adept OpTm of the Shining One (Spider:2)
  12 quicksilver elementals
  3 deep elf sorcerers
  21 frost giants
  5 deep elf elementalists (Elf:3)
  9 emperor scorpions
  2 iron dragons
  61 balrugs
  2 curse skulls (Pan)
  A ghost moth (shapeshifter) (Vaults:5)
  22 vault wardens
  An imperial myrmidon (Desolation)
  5 ghost moths
  5 caustic shrike zombies
  2 spectral juggernauts
  A draconian scorcher (Abyss:3)
  13 shard shrike simulacra
  8 spectral caustic shrikes
  15 very ugly things
  5 orc warlords
  A draconian stormcaller (Depths:4)
  6 demonspawn corrupters (Pan)
  13 reapers
  5 broodmothers
  26 ironbound preservers
  14 demonspawn blood saints (Pan)
  A draconian annihilator (Pan)
  28 cacodemons (Pan)
  5 ghouls
  29 war gargoyles
  17 vampire knights
  18 quicksilver oozes
  A caustic shrike skeleton (Crypt:3)
  25 elemental wellsprings
  11 lorocyprocas
  11 ironbound thunderhulks
  16 stone giants
  11 demonspawn black suns (Pan)
  7 deep elf demonologists
  10 deep elf annihilators
  24 putrid mouths
  Azrael (D:14)
  A minotaur (Gauntlet)
  A spark wasp (shapeshifter) (Depths:4)
  2 halazid warlocks (Desolation)
  3 spark wasps
  2 spectral titans
  2 bennus
  23 wendigos
  10 dire elephants
  3 red draconians (Depths:4)
  A bunyip (shapeshifter) (Vaults:5)
  22 blizzard demons
  3 white draconians (Depths:4)
  12 merfolk impalers
  The ghost of caveywoolpert the Geomancer, a journeyman DgEE (D:11)
  9 eidola
  2 quicksilver dragon zombies (Depths:3)
  19 green deaths (Pan)
  6 crystal guardians
  20 iron golems
  Josephine (D:11)
  2 spectral quicksilver dragons (Tar:3)
  A spectral iron giant (Tar:2)
  10 mummy priests
  14 jiangshi
  5 merfolk javelineers
  7 deep elf high priests
  8 deep elf death magi
  9 fire dragons
  9 great orbs of eyes
  12 yaktaur captains
  A quicksilver dragon skeleton (Tomb:1)
  8 ettins
  6 entropy weavers
  2 ragged hierophants (Desolation)
  8 rakshasas
  9 salamander tyrants
  A spectral kraken (Tar:7)
  6 hydras
  42 vault guards
  6 ogre magi
  10 ice dragons
  8 juggernaut simulacra
  6 servants of whispers (Desolation)
  10 caustic shrike simulacra
  13 peacekeepers
  2 spriggan air magi
  2 radroaches
  10 ironbound frosthearts
  A spriggan skeleton (Crypt:1)
  An anaconda (shapeshifter) (Vaults:1)
  2 catoblepae
  7 merfolk aquamancers
  A merfolk avatar (Shoals:1)
  3 death knights
  A jorogumo (Spider:4)
  3 hell beasts
  6 stokers
  6 two-headed ogres
  9 boulder beetles
  A boulder beetle (shapeshifter) (Elf:1)
  4 alligator snapping turtles
  A deep troll shaman (Depths:4)
  26 centaur warriors
  8 death scarabs
  An orc high priest (Orc:2)
  34 dancing weapons
  5 death yaks
  A naga warrior (Abyss:1)
  19 vampire magi
  2 deep troll earth magi
  25 hell hogs
  3 thrashing horrors (Abyss:3)
  5 spriggan berserkers
  3 tengu warriors
  Urug (Orc:2)
  3 spectral dire elephants
  A titan zombie (Crypt:3)
  2 wretched stars (Abyss:3)
  79 sun demons
  6 holy swine (Pan)
  The ghost of NoAnimeNoLife the Nimble, a journeyman SpHu of Okawaru (D:9)
  8 deep elf knights
  5 storm dragon zombies
  5 hell knights
  31 sixfirhies
  11 crystal echidnas
  9 shadow wraiths
  5 sun moths
  The ghost of AppleFox63 the Blocker, a novice MiFi of the Shining One (D:6)
  5 golden dragon zombies
  24 soul eaters
  Lodul (D:11)
  An iron troll (Depths:4)
  10 glowing orange brains
  28 skeletal warriors
  A spark wasp zombie (Depths:3)
  A swamp dragon (shapeshifter) (Vaults:5)
  2 spatial maelstroms (Abyss:3)
  2 anaconda zombies (Hell)
  7 pharaoh ants
  6 flayed ghosts
  11 sea snakes
  10 quicksilver dragon simulacra
  2 kraken simulacra (Coc:7)
  A swamp dragon (Lair:5)
  An iron giant zombie (Crypt:3)
  17 shadow demons
  A deep troll (shapeshifter) (Vaults:5)
  An orange crystal statue (Vaults:4)
  8 deep elf archers
  74 deep trolls
  13 orb spiders
  A spectral hydra (Tar:2)
  5 spriggan simulacra
  12 wizards
  A spectral iron dragon (Tar:3)
  An anaconda skeleton (Pan)
  20 phantasmal warriors
  21 ironbound convokers
  4 sphinx zombies (Depths:3)
  3 bog bodies
  28 deep elf pyromancers
  23 deep elf zephyrmancers
  25 ugly things
  9 lindwurms
  A golden dragon skeleton (Crypt:1)
  14 orc knights
  7 steelbarb worms
  36 harpies
  An iron dragon zombie (Depths:3)
  8 tengu zombies
  A shadow dragon zombie (Crypt:1)
  11 necromancers
  14 cyclopes
  The ghost of GokuderaElPsyCongroo the Firebug, a novice VSFE of Makhleb (D:6)
  5 orc sorcerers
  A salamander (Abyss:1)
  15 shining eyes
  A wolf spider (shapeshifter) (Vaults:5)
  15 manticores
  A fire giant zombie (Hell)
  2 stone giant zombies
  3 frost giant zombies
  A spectral alligator snapping turtle (Tar:2)
  8 fauns
  A spectral centaur (Tar:2)
  6 moths of wrath
  22 wolf spiders
  2 worldbinders (Abyss:3)
  5 rust devils (Hell)
  A fire giant skeleton (Depths:1)
  10 merfolk sirens
  2 black mambas (shapeshifter)
  6 elephants (Lair:4)
  10 ice statues
  2 human skeletons
  2 black mambas
  7 water nymphs
  6 titan simulacra
  11 molten gargoyles
  4 gargoyles
  12 vault sentinels
  38 orange demons
  2 eyes of devastation
  10 torpor snails
  An elephant slug zombie (Crypt:3)
  An unseen horror (Abyss:3)
  A naga skeleton (Pan)
  5 guardian serpents
  An apocalypse crab (Abyss:3)
  8 cane toads
  35 smoke demons
  Maggie (D:7)
  2 catoblepas zombies (Crypt:1)
  2 storm dragon simulacra
  An alligator snapping turtle skeleton (Pan)
  A centaur skeleton (Pan)
  A cane toad (shapeshifter) (Vaults:5)
  28 hellions
  7 rime drakes
  A dire elephant skeleton (Pan)
  37 yaktaurs
  6 anaconda simulacra
  17 demonic crawlers
  12 spectral swamp worms (Tar:7)
  11 efreet
  3 bunyip simulacra (Coc:1)
  A kobold demonologist (D:12)
  A spectral naga (Tar:3)
  12 komodo dragons
  15 ice devils
  3 tengu conjurers
  18 tormentors
  A yaktaur zombie (Vaults:3)
  The ghost of Leeroy the Ducker, a novice TeRe of Vehumet (D:6)
  An orb spider zombie (Crypt:1)
  6 red devils (Pan)
  3 golden dragon simulacra
  4 polar bears
  A polar bear (shapeshifter) (D:13)
  20 guardian mummies
  A spectral harpy (Tar:2)
  12 freezing wraiths
  4 trolls
  4 ancient zymes (Abyss:3)
  3 harpy zombies (Hell)
  25 starcursed masses
  12 meliai
  3 tyrant leeches (Lair:5)
  7 wind drakes
  2 iron giant simulacra (Coc:7)
  6 harpy skeletons
  18 merfolk
  A queen bee (D:13)
  2 hydra skeletons (Hell)
  43 saltlings
  11 hellwings (Pan)
  2 alligator zombies (Hell)
  25 tarantellas
  12 hornets
  A hornet (shapeshifter) (Depths:2)
  2 iron dragon simulacra
  10 raiju (Abyss:3)
  13 blink frogs
  A stone giant simulacrum (Hell)
  2 ettin zombies (Crypt:3)
  4 dream sheep (Shoals:3)
  9 snapping turtles
  6 spriggan zombies
  107 slime creatures
  A shadow (D:11)
  9 air elementals (Shoals:4)
  19 vampires
  A spriggan (D:10)
  20 flying skulls
  24 jumping spiders
  A slime creature (shapeshifter) (D:15)
  An alligator skeleton (Hell)
  4 dire elephant simulacra
  21 ynoxinuls
  20 culicivoras
  A yak (shapeshifter) (D:15)
  A hog (shapeshifter) (Elf:3)
  30 water elementals
  7 wraiths
  52 yaks
  A fire dragon skeleton (Pan)
  4 wyverns
  A black mamba skeleton (Tomb:1)
  4 fire elementals
  An alligator snapping turtle simulacrum (Coc:3)
  6 ushabtiu (Tomb:1)
  5 fire bats (Abyss:4)
  A hog (D:15)
  A human (shapeshifter) (D:15)
  17 golden eyes
  3 basilisks
  56 redbacks
  12 vampire mosquitoes
  25 neqoxecs
  4 steam dragons
  30 large abominations
  22 chaos spawn
  Menkaure (D:7)
  17 harpy simulacra
  5 acid dragons
  A glowing shapeshifter zombie (Depths:3)
  A human zombie (Hell)
  3 wargs
  6 spatial vortices (Abyss:3)
  A naga (Abyss:1)
  3 hell hounds (D:14)
  10 water moccasins
  Duvessa (D:4)
  2 floating eyes
  7 ice beasts
  13 small abominations
  2 black bears
  36 orc warriors
  A merfolk simulacrum (Tomb:1)
  2 sky beasts
  A black mamba simulacrum (Coc:1)
  7 ettin simulacra
  4 boggarts (D:14)
  2 wolves (D:8)
  An elephant skeleton (Crypt:3)
  A rime drake zombie (Crypt:1)
  17 ogres
  7 centaurs
  3 manticore skeletons
  A lindwurm skeleton (Crypt:2)
  6 phantoms
  4 kobold brigands
  Blork the orc (Orc:2)
  8 bullfrogs
  A gnoll sergeant (Orc:1)
  2 earth elementals (Elf:3)
  3 naga simulacra
  8 necrophages
  7 scorpions
  6 wights (D:9)
  Dowan (D:4)
  28 killer bees
  A swamp dragon simulacrum (Hell)
  A raiju skeleton (Crypt:3)
  A human simulacrum (Vaults:3)
  7 howler monkeys
  4 electric eels
  7 crimson imps
  A quasit (Abyss:1)
  2 centaur zombies
  A hound (D:5)
  6 jellies
  A gnoll bouda (D:9)
  13 orc priests
  Crazy Yiuf (D:3)
  Jessica (D:3)
  A black bear skeleton (Crypt:1)
  6 iguanas
  Natasha (thrice) (D:4)
  22 orc wizards
  3 hell rats (Hell)
  A scorpion zombie (Crypt:1)
  An ogre skeleton (Crypt:2)
  2 ogre zombies
  A hound skeleton (Crypt:2)
  15 mummies
  10 adders
  14 gnolls
  A white imp (Abyss:3)
  An ufetubus (D:6)
  6 worms
  3 dart slugs (D:2)
  56 orcs
  3 ball pythons (D:2)
  17 endoplasms
  4 giant cockroaches
  6 goblins
  4 hobgoblins
  5 jackals
  6 quokkas
  A ball python skeleton (Crypt:3)
  5 bats
  A frilled lizard (D:2)
  21 kobolds
  4 rats
  A rat zombie (D:15)
  3 ball lightnings (Pan)
  2 creeping infernos (Geh:7)
  23 fire vortices
  A lurking horror (Abyss:3)
  5 plants
  3 starspawn tentacles (Abyss:3)
  7 tentacles
3990 creatures vanquished.

Vanquished Creatures (collateral kills)
  Antaeus (Coc:7)
  Asmodeus (Geh:7)
  the Serpent of Hell (Geh:7)
  2 shard shrikes (Coc:7)
  2 caustic shrikes (Dis:7)
  Geryon (Hell)
  A profane servitor (Tar:7)
  2 bone dragons
  2 Tzitzimimeh
  A Brimstone Fiend (Geh:7)
  A doom hound (Tar:7)
  3 hellephants
  A tentacled monstrosity (Abyss:3)
  2 Hell Sentinels
  2 searing wretches
  A lich (Abyss:4)
  An ancient champion (Tomb:1)
  The ghost of sanka the Marksdemigod, an adept DgHu (Shoals:3)
  An eldritch tentacle (Pan)
  A rockslime (Slime:5)
  2 demonspawn warmongers (Pan)
  A quicksilver elemental (Dis:6)
  3 balrugs (Pan)
  An angel (Pan)
  A cacodemon (Pan)
  3 demonspawn blood saints (Pan)
  A draconian shifter (Abyss:3)
  3 reapers
  A ghoul (Crypt:3)
  A caustic shrike skeleton (Pan)
  2 putrid mouths (Tar:7)
  2 vampire knights (Crypt:3)
  A wendigo (Coc:4)
  A green death (Pan)
  3 blizzard demons (Pan)
  A jiangshi (Crypt:3)
  A fenstrider witch zombie (Hell)
  A juggernaut simulacrum (Coc:3)
  A death scarab (Tomb:2)
  2 vampire magi
  2 soul eaters (Pan)
  4 sun demons
  A sixfirhy (Pan)
  3 skeletal warriors
  A glowing orange brain (Pan)
  A sun moth (Spider:4)
  A bog body (Crypt:3)
  A wizard (Pan)
  A phantasmal warrior (Crypt:3)
  A shadow dragon skeleton (Pan)
  2 frost giant zombies (Hell)
  A deep elf pyromancer (Elf:1)
  2 fire giant zombies (Hell)
  A merfolk siren (Shoals:3)
  A rust devil (Hell)
  4 smoke demons
  5 hellions
  2 demonic crawlers
  3 orange demons (Pan)
  A spectral swamp worm (Tar:7)
  2 anaconda simulacra
  4 guardian mummies
  2 hydra zombies (Hell)
  A red devil (Pan)
  4 tormentors
  A yellow draconian skeleton (Crypt:2)
  2 ice devils (Hell)
  A raiju (Abyss:3)
  A tarantella (Spider:4)
  A large abomination (Abyss:3)
  5 vampires (Crypt:3)
  A guardian serpent skeleton (Crypt:3)
  A wyvern (D:11)
  An ushabti (Tomb:1)
  A fire bat (Abyss:4)
  A fire dragon skeleton (Crypt:3)
  A ynoxinul (Pan)
  2 neqoxecs
  A spatial vortex (Abyss:3)
  7 chaos spawn
  A harpy simulacrum (Coc:3)
  An alligator simulacrum (Hell)
  A killer bee (D:11)
  2 crimson imps (Pan)
  A jelly (Abyss:3)
  A bullfrog skeleton (Crypt:3)
  3 mummies
  A white imp (Abyss:3)
  A fire vortex (Geh:3)
  A lurking horror (Abyss:3)
151 creatures vanquished.

Vanquished Creatures (others)
  A caustic shrike (Dis:7)
  A demonspawn blood saint (Pan)
  An elemental wellspring (Coc:6)
  A caustic shrike simulacrum (Coc:4)
  A spriggan simulacrum (Coc:7)
  A dire elephant simulacrum (Coc:4)
  2 humans (D:15)
  A chaos spawn (Abyss:4)
  A naga simulacrum (Coc:3)
  An orc wizard (Vaults:5)
  A hell rat (Hell)
  A kobold (D:9)
  6 ball lightnings (Pan)
  34 fungi
  A lurking horror (Abyss:3)
  79 plants
  9 starspawn tentacles (Abyss:3)
  14 tentacles
156 creatures vanquished.

Grand Total: 4297 creatures vanquished

Notes
Turn   | Place    | Note
-------+----------+-------------------------------------------
     0 | D:1      | Dirtsage the Octopode Transmuter began the quest for the
                  | Orb.
     0 | D:1      | Reached XP level 1. HP: 13/13 MP: 3/3
   390 | D:1      | Found Peahidupre's Antique Weapon Boutique.
   458 | D:1      | Reached skill level 1 in Ice Magic
   458 | D:1      | Reached XP level 2. HP: 18/18 MP: 5/5
  1018 | D:2      | Reached XP level 3. HP: 14/23 MP: 6/6
  1021 | D:2      | Learned a level 2 spell: Wereblood
  1336 | D:2      | Reached XP level 4. HP: 28/28 MP: 7/7
  1902 | D:3      | Learned a level 4 spell: Ice Form
  1941 | D:3      | Identified the +2 helmet of Unambiguity {rC+ Int+3}
  2178 | D:3      | Found a runed translucent door.
  2179 | D:3      | Noticed Crazy Yiuf
  2296 | D:3      | Noticed Jessica
  2303 | D:3      | Killed Jessica
  2304 | D:3      | Reached XP level 5. HP: 24/33 MP: 8/8
  2642 | D:4      | Noticed a black bear
  2661 | D:4      | Killed a black bear
  2662 | D:4      | Reached XP level 6. HP: 38/38 MP: 9/9
  2770 | D:4      | Noticed Dowan
  3002 | D:4      | Noticed Natasha
  3023 | D:4      | Killed Natasha
  3024 | D:4      | Reached skill level 5 in Transmutations
  3174 | D:4      | Noticed Duvessa
  3179 | D:4      | Reached skill level 1 in Evocations
  3188 | D:4      | Killed Duvessa
  3189 | D:4      | Reached XP level 7. HP: 28/43 MP: 10/10
  3193 | D:4      | Killed Dowan
  3194 | D:4      | Reached skill level 5 in Ice Magic
  3299 | D:4      | Noticed Natasha
  3309 | D:4      | Killed Natasha
  3749 | D:4      | Noticed Natasha
  3754 | D:4      | Killed Natasha
  4106 | D:5      | Entered Level 5 of the Dungeon
  4196 | D:5      | Reached XP level 8. HP: 37/48 MP: 11/11
  4834 | D:5      | Reached skill level 2 in Fighting
  5327 | D:6      | Reached XP level 9. HP: 54/55 MP: 12/12
  5438 | D:6      | Found a runed translucent gate.
  5438 | D:6      | Found a runed translucent gate.
  5439 | D:6      | Found a runed translucent gate.
  5440 | D:6      | Noticed AppleFox63's ghost (novice MiFi)
  5440 | D:6      | Noticed GokuderaElPsyCongroo's ghost (novice VSFE)
  5440 | D:6      | Noticed Leeroy's ghost (novice TeRe)
  5488 | D:6      | Reached skill level 5 in Unarmed Combat
  5644 | D:6      | Found a burning altar of Makhleb.
  5716 | D:6      | Reached skill level 3 in Fighting
  6453 | D:7      | Learned a level 3 spell: Lesser Beckoning
  6499 | D:7      | Noticed Maggie
  6505 | D:7      | Killed Maggie
  6589 | D:7      | Reached skill level 1 in Translocations
  6594 | D:7      | Reached skill level 5 in Evocations
  6752 | D:7      | Found a staircase to the Ecumenical Temple.
  6764 | Temple   | Entered the Ecumenical Temple
  6967 | Temple   | Became a worshipper of the Shining One
  7163 | D:7      | Noticed Menkaure
  7168 | D:7      | Killed Menkaure
  7302 | D:8      | Noticed a polar bear
  7308 | D:8      | Reached XP level 10. HP: 63/63 MP: 13/13
  7315 | D:8      | Reached skill level 4 in Fighting
  7461 | D:8      | Found a staircase to the Lair.
  7727 | D:8      | Found a hazy altar of Hepliaklqana.
  8139 | D:9      | Reached * piety under the Shining One
  8372 | D:9      | Found a transporter.
  8388 | D:9      | Found a staircase to the Orcish Mines.
  8394 | D:9      | Noticed NoAnimeNoLife's ghost (journeyman SpHu)
  8413 | D:9      | Noticed a centaur warrior
  8482 | D:9      | Found a transporter.
  8799 | D:9      | Reached skill level 5 in Fighting
  9297 | D:10     | Entered Level 10 of the Dungeon
  9373 | D:10     | Found a flagged portal.
  9382 | Bailey   | Entered a bailey
  9456 | Bailey   | Learned a level 2 spell: Momentum Strike
  9495 | Bailey   | Learned a level 1 spell: Sandblast
  9505 | Bailey   | Noticed an orc knight
  9556 | Bailey   | Killed an orc knight
  9557 | Bailey   | Reached XP level 11. HP: 72/72 MP: 8/16
  9678 | Bailey   | Found a large runed translucent door.
  9678 | Bailey   | Found a large runed translucent door.
  9679 | Bailey   | Noticed a deep elf pyromancer
  9839 | Bailey   | Killed a deep elf pyromancer
  9840 | Bailey   | Reached skill level 5 in Dodging
  9840 | Bailey   | Reached skill level 1 in Invocations
  9875 | Bailey   | Identified the +1 dire flail "Earthworm" {pain, Fly rPois
                  | Str-4 Dex+5}
 10007 | D:10     | Reached ** piety under the Shining One
 10254 | D:10     | Learned a level 2 spell: Passwall
 10457 | D:10     | Found an iron altar of Okawaru.
 10781 | D:10     | Found a sacrificial altar of Ru.
 10816 | D:10     | Found a white marble altar of Elyvilon.
 10827 | D:10     | Found a bloodstained altar of Trog.
 10903 | Lair:1   | Entered Level 1 of the Lair of Beasts
 10970 | Lair:1   | HP: 3/86 [poisoned by a cane toad]
 11474 | Lair:1   | Identified the ring of Veugiloh {rElec rF- Will+ rCorr
                  | Str+3}
 11500 | Lair:1   | Noticed a death yak
 11500 | Lair:1   | Noticed a death yak
 11690 | Lair:1   | Killed a death yak
 11877 | Lair:1   | Killed a death yak
 11878 | Lair:1   | Reached skill level 5 in Invocations
 12662 | Lair:1   | Reached skill level 5 in Spellcasting
 13417 | Lair:2   | Identified the ring of Plog {+Blink Str+6 Int+4}
 13523 | Lair:2   | Noticed a four-headed hydra
 13542 | Lair:2   | Killed a four-headed hydra
 13543 | Lair:2   | Reached XP level 12. HP: 45/78 MP: 19/19
 15225 | Lair:3   | Reached skill level 10 in Transmutations
 15712 | Lair:3   | Found a staircase to the Shoals.
 15742 | Lair:3   | Found a hole to the Spider Nest.
 15744 | Lair:3   | You fall into a shaft and drop 1 floor!
 16002 | Lair:4   | Learned a level 7 spell: Dragon Form
 16027 | Lair:4   | Found a staircase to the Slime Pits.
 16028 | Lair:4   | Found a viscous altar of Jiyva.
 16144 | Lair:4   | Reached XP level 13. HP: 83/83 MP: 21/21
 16594 | Lair:4   | Reached *** piety under the Shining One
 17629 | Lair:5   | Entered Level 5 of the Lair of Beasts
 17663 | Lair:5   | Reached skill level 6 in Fighting
 18092 | Lair:5   | Identified the +1 chain mail of Joy {rC+ Regen+}
 18508 | Lair:5   | Noticed a fire dragon
 18519 | Lair:5   | Killed a fire dragon
 18548 | Lair:5   | Reached skill level 7 in Fighting
 18791 | Lair:5   | Found a runed translucent door.
 18791 | Lair:5   | Noticed an ice dragon
 18795 | Lair:5   | Killed an ice dragon
 18945 | Lair:5   | Reached XP level 14. HP: 92/92 MP: 22/22
 19039 | Lair:5   | Reached **** piety under the Shining One
 19133 | Lair:5   | Identified the +5 trident of Defilement {freeze, Fly rC+
                  | Str-2}
 19369 | Orc:1    | Entered Level 1 of the Orcish Mines
 19477 | Orc:1    | Found an iron altar of Okawaru.
 19718 | Orc:1    | Reached skill level 15 in Transmutations
 19762 | Orc:1    | Found Zaffua's Assorted Antiques.
 19774 | Orc:1    | Bought a scroll labelled JESMOETTAU for 26 gold pieces
 19774 | Orc:1    | Bought a lumpy cyan potion for 23 gold pieces
 20002 | Orc:2    | Entered Level 2 of the Orcish Mines
 20091 | Orc:2    | Found Emarr's Self-Improvement Boutique.
 20099 | Orc:2    | Bought a manual of Fighting for 1280 gold pieces
 20140 | Orc:2    | Noticed Urug
 20290 | Orc:2    | Found Roumoit Meik's Antique Armour Shoppe.
 20311 | Orc:2    | Reached skill level 8 in Fighting
 20650 | Orc:2    | Reached skill level 10 in Unarmed Combat
 20670 | Orc:2    | Killed Urug
 20791 | Orc:2    | Noticed Blork the orc
 20807 | Orc:2    | Killed Blork the orc
 20882 | Orc:2    | Reached ***** piety under the Shining One
 20891 | Orc:2    | Noticed an orc warlord
 20903 | Orc:2    | Killed an orc warlord
 20906 | Orc:2    | Found Heiddot's Antique Armour Boutique.
 20911 | Orc:2    | Found Jergh's Antique Weapon Boutique.
 21047 | Orc:2    | Found Ycutirch's Jewellery Boutique.
 21149 | Orc:1    | Saving game... please wait.
 21237 | Orc:1    | Saving game... please wait.
 21335 | Orc:1    | Saving game... please wait.
 21378 | Orc:2    | Found a staircase to the Elven Halls.
 21497 | Orc:2    | Found Ygret's General Store.
 21606 | Elf:1    | Entered Level 1 of the Elven Halls
 21645 | Elf:1    | Found the +10 Black Knight's barding {ponderous, rPois rN+}
 21648 | Elf:1    | Reached skill level 9 in Fighting
 22029 | Elf:1    | Found a crumbling gateway.
 22034 | Desolati | Entered the Desolation of Salt
 22047 | Desolati | Reached XP level 15. HP: 102/102 MP: 25/25
 22072 | Desolati | Reached skill level 5 in Translocations
 22076 | Desolati | Noticed an imperial myrmidon
 22195 | Desolati | Reached skill level 10 in Fighting
 22195 | Desolati | Reached skill level 10 in Invocations
 22205 | Desolati | Killed an imperial myrmidon
 22331 | Desolati | Identified the +4 chain mail "Ocverec" {-Cast rF++ rC++}
 22634 | Desolati | Identified the +4 swamp dragon scales "Vodym" {Fly rPois
                  | MP+9 Str+3}
 22635 | Desolati | Identified the ring of Riypanap {Drain Fly rC+ rCorr Dex+6}
 22642 | Desolati | Got the Anthology of Arson
 22811 | Desolati | Identified the +2 plate armour of the Queen of Cups {Dex+3}
 23112 | Desolati | Reached ****** piety under the Shining One
 23147 | Desolati | Found the +5 robe of Night {Dark Will+ SInv}
 23153 | Desolati | Identified the ring of Narrariet {rN+ Int-3 Slay+3 SInv}
 23278 | Desolati | Identified the +0 robe of Whack-A-Mole {Contam rC++ rN+
                  | Str+4}
 23671 | Elf:1    | Reached skill level 11 in Fighting
 23925 | Elf:1    | Noticed Zenata
 23942 | Elf:1    | Killed Zenata
 24880 | Elf:2    | Reached XP level 16. HP: 112/112 MP: 27/27
 25215 | Elf:2    | Found a runed translucent gate.
 25215 | Elf:2    | Found a runed translucent gate.
 25215 | Elf:2    | Found a runed translucent gate.
 25477 | Elf:2    | Found Amoiwofy's Armour Boutique.
 25654 | Elf:2    | Noticed a deep elf blademaster
 25661 | Elf:2    | Killed a deep elf blademaster
 25671 | Elf:2    | Reached skill level 12 in Fighting
 26370 | Elf:3    | Entered Level 3 of the Elven Halls
 26411 | Elf:3    | Found Butaokow's Antique Armour Boutique.
 26422 | Elf:3    | Reached skill level 10 in Dodging
 26671 | Elf:3    | Got Tuhao's Folio of Weathered Configuration
 26901 | Elf:3    | Noticed a deep elf blademaster
 26919 | Elf:3    | Noticed an Executioner
 26920 | Elf:3    | Killed a deep elf blademaster
 26926 | Elf:3    | Killed a ghostly deep elf blademaster
 26960 | Elf:3    | Reached XP level 17. HP: 63/121 MP: 24/29
 26979 | Elf:3    | Reached skill level 13 in Fighting
 27292 | Elf:3    | Noticed a deep elf master archer
 27313 | Elf:3    | Killed a deep elf master archer
 27520 | Elf:3    | Identified the ring of Haujiat {Dex+6 Stlth+}
 27521 | Elf:3    | Identified the ring "Xaitom Hefi" {Contam rC+ Str+3}
 27539 | Elf:3    | Noticed an Executioner
 27544 | Elf:3    | Reached skill level 10 in Translocations
 27557 | Elf:3    | Identified the +6 dagger "Zualelof" {heavy, rElec rN++
                  | Str+3 Int+4 Stlth+}
 27828 | Elf:3    | Identified a scroll of acquirement
 27829 | Elf:3    | Acquired 901 gold pieces
 27891 | Elf:3    | Got the Incunabulum of Evil Arts and Injury
 27906 | Elf:3    | Identified the +8 whip of the Chewing Mosquito {heavy,
                  | Contam Fragile rF++ rCorr}
 27909 | Elf:3    | Identified the +2 hand axe of Symmetry {pain, *Corrode rC+
                  | MP+9 Str+5}
 28089 | Orc:2    | Bought a book of the Warp for 630 gold pieces
 28094 | Orc:2    | Learned a level 4 spell: Manifold Assault
 28178 | D:9      | Killed NoAnimeNoLife's ghost
 28442 | D:6      | Killed AppleFox63's ghost
 28443 | D:6      | Killed GokuderaElPsyCongroo's ghost
 28445 | D:6      | Killed Leeroy's ghost
 28556 | D:3      | Killed Crazy Yiuf
 28731 | Spider:1 | Entered Level 1 of the Spider Nest
 28852 | Spider:1 | Noticed Mlioglotl
 28863 | Spider:1 | Noticed a tentacled starspawn
 28863 | Spider:1 | Killed Mlioglotl
 29327 | Spider:2 | Noticed Arachne
 29332 | Spider:2 | Killed Arachne
 29357 | Spider:1 | Saving game... please wait.
 29861 | Spider:2 | Reached skill level 14 in Fighting
 30228 | Spider:2 | Reached XP level 18. HP: 131/131 MP: 31/31
 30343 | Spider:2 | Found a runed translucent gate.
 30344 | Spider:2 | Found a runed translucent gate.
 30344 | Spider:2 | Noticed Dirtsage's ghost (adept OpTm)
 30346 | Spider:2 | Found a runed translucent gate.
 30368 | Spider:2 | Killed Dirtsage's ghost
 30634 | Spider:2 | Identified the +1 pair of boots of Loss {Str+2 Dex+4}
 31402 | Spider:3 | Learned a level 3 spell: Vhi's Electric Charge
 31649 | Spider:3 | Identified the ring "Osso" {rN+ Will+ Slay+3}
 31681 | Spider:3 | Reached skill level 10 in Spellcasting
 32385 | Spider:4 | Entered Level 4 of the Spider Nest
 32950 | Spider:4 | Identified the +10 plate armour of Deqeg {-Tele Regen+
                  | Int+4}
 33078 | Spider:4 | Identified the +1 pair of boots of Ytorr {Str+6 Stlth+}
 33698 | Spider:4 | Got a gossamer rune of Zot
 34335 | Spider:4 | Reached XP level 19. HP: 137/137 MP: 33/33
 34723 | D:11     | Noticed Lodul
 34745 | D:11     | Killed Lodul
 34790 | D:11     | Noticed Josephine
 34790 | D:11     | You are sucked into a shaft and drop 1 floor!
 34790 | D:12     | Found a gate leading to a gauntlet.
 34796 | Gauntlet | Entered a Gauntlet
 34796 | Gauntlet | Found a transporter.
 34806 | Gauntlet | Found a transporter.
 34807 | Gauntlet | Found a transporter.
 34811 | Gauntlet | Found a transporter.
 34857 | Gauntlet | Found a transporter.
 34874 | Gauntlet | Found a transporter.
 34883 | Gauntlet | Found a large runed translucent door.
 34883 | Gauntlet | Found a large runed translucent door.
 34884 | Gauntlet | Found a large runed translucent door.
 34884 | Gauntlet | Found a large runed translucent door.
 34885 | Gauntlet | Found a large runed translucent door.
 34885 | Gauntlet | Found a large runed translucent door.
 34886 | Gauntlet | Found a runed translucent gate.
 34886 | Gauntlet | Found a runed translucent door.
 34887 | Gauntlet | Found a large runed translucent door.
 34888 | Gauntlet | Found a large runed translucent door.
 34889 | Gauntlet | Found a transporter.
 34893 | Gauntlet | Found a transporter.
 34894 | Gauntlet | Found a transporter.
 34901 | Gauntlet | Found a transporter.
 34902 | Gauntlet | Found a runed translucent door.
 34903 | Gauntlet | Found a large runed translucent door.
 34903 | Gauntlet | Found a large runed translucent door.
 34904 | Gauntlet | Found a large runed translucent door.
 34904 | Gauntlet | Found a runed translucent door.
 34904 | Gauntlet | Found a large runed translucent door.
 34905 | Gauntlet | Found a large runed translucent door.
 34909 | Gauntlet | Found a transporter.
 34936 | Gauntlet | Found a large runed translucent door.
 34937 | Gauntlet | Found a large runed translucent door.
 34937 | Gauntlet | Found a large runed translucent door.
 34938 | Gauntlet | Found a runed translucent gate.
 34938 | Gauntlet | Found a runed translucent gate.
 34940 | Gauntlet | Found a transporter.
 35000 | Gauntlet | Identified the ring of Moodiness {rF+ rN+ Will+ Str-4
                  | Int+6}
 35024 | Gauntlet | Identified the +6 battleaxe "Hellblazer" {freeze, Contam
                  | rElec rF- Int+6}
 35025 | Gauntlet | Identified the ring "Inatol" {Ice Stlth+}
 35038 | Gauntlet | Identified the +9 flail "Lussun" {speed, Drain rPois Will++
                  | rCorr}
 35662 | D:11     | Found a transporter.
 35664 | D:11     | Noticed caveywoolpert's ghost (journeyman DgEE)
 35680 | D:11     | Found a transporter.
 35729 | D:11     | Killed caveywoolpert's ghost
 35821 | D:11     | Identified the -2 pair of gloves of the Bagpipe {+Inv rElec
                  | rF+++ Int-5}
 35825 | D:11     | Identified the ring of the Modern Wonders {Str+3 SInv}
 35865 | D:11     | Killed Josephine
 37342 | D:13     | Noticed Frances
 37352 | D:13     | Killed Frances
 38044 | D:14     | Identified Roxanne's Dissertation on Stones
 38044 | D:14     | Noticed Roxanne
 38054 | D:14     | Killed Roxanne
 38519 | D:14     | Found a gate to the Vaults.
 38670 | D:14     | Noticed Azrael
 38677 | D:14     | Killed Azrael
 39199 | D:15     | Entered Level 15 of the Dungeon
 39513 | D:15     | Noticed Kirke
 39529 | D:15     | Killed Kirke
 39748 | D:15     | Found a staircase to the Depths.
 40043 | D:15     | Found an ancient bone altar of Kikubaaqudgha.
 40471 | Depths:1 | Entered Level 1 of the Depths
 40575 | Depths:1 | Found a shimmering altar of Xom.
 40576 | Depths:1 | Found a shimmering altar of Xom.
 40578 | Depths:1 | Found a shimmering altar of Xom.
 40579 | Depths:1 | Found a shimmering altar of Xom.
 40580 | Depths:1 | Found a shimmering altar of Xom.
 40964 | Depths:1 | Reached skill level 15 in Translocations
 40964 | Depths:1 | Reached skill level 1 in Air Magic
 41004 | Depths:1 | Reached XP level 20. HP: 144/144 MP: 35/35
 41096 | Depths:1 | Found a gateway to Hell.
 41698 | Depths:2 | Found a one-way gate leading to the halls of Pandemonium.
 42715 | Depths:2 | Reached skill level 15 in Unarmed Combat
 42892 | Depths:3 | Reached skill level 5 in Air Magic
 42903 | Depths:3 | The Shining One protects you from harm!
 43318 | Depths:3 | Reached skill level 15 in Fighting
 43675 | Depths:3 | Noticed a caustic shrike
 43679 | Depths:3 | Killed a caustic shrike
 44066 | Depths:3 | Reached XP level 21. HP: 151/151 MP: 37/37
 45005 | Depths:3 | Found a basalt altar of Yredelemnul.
 45219 | Depths:3 | Found a one-way gate to the infinite horrors of the Abyss.
 45297 | Depths:4 | Entered Level 4 of the Depths
 45435 | Depths:4 | Noticed a golden dragon
 45437 | Depths:4 | Killed a golden dragon
 45594 | Depths:4 | Found a gate to the Realm of Zot.
 45630 | Depths:4 | Noticed a caustic shrike
 45631 | Depths:4 | Noticed a caustic shrike
 45633 | Depths:4 | Noticed a caustic shrike
 45633 | Depths:4 | Noticed a caustic shrike
 45633 | Depths:4 | Noticed a caustic shrike
 45638 | Depths:4 | Killed a caustic shrike
 45639 | Depths:4 | Killed a caustic shrike
 45646 | Depths:4 | Killed a caustic shrike
 45647 | Depths:4 | Killed a caustic shrike
 45647 | Depths:4 | Killed a caustic shrike
 46031 | Depths:4 | Found a one-way gateway to a ziggurat.
 46167 | Depths:4 | Found a broken altar of Ashenzari.
 46473 | Vaults:1 | Entered Level 1 of the Vaults
 46964 | Vaults:1 | Reached XP level 22. HP: 159/159 MP: 39/39
 47470 | Vaults:1 | Reached skill level 10 in Air Magic
 47479 | Vaults:1 | Reached skill level 16 in Fighting
 48005 | Vaults:1 | Reached skill level 15 in Dodging
 50035 | Vaults:2 | Reached XP level 23. HP: 166/166 MP: 40/40
 50440 | Vaults:2 | Learned a level 7 spell: Storm Form
 51057 | Vaults:3 | Found a staircase to the Crypt.
 51057 | Vaults:3 | Found an ancient bone altar of Kikubaaqudgha.
 51058 | Vaults:3 | Found a basalt altar of Yredelemnul.
 51068 | Vaults:3 | Noticed Xtahua
 51072 | Vaults:3 | Killed Xtahua
 51073 | Vaults:3 | Noticed Jory
 51080 | Vaults:3 | Killed Jory
 51276 | Vaults:3 | Found a portal to a secret trove of treasure.
 51830 | Vaults:3 | Noticed Asterion
 51837 | Vaults:3 | Killed Asterion
 52202 | Vaults:3 | Noticed Sojobo
 52212 | Vaults:3 | Killed Sojobo
 52690 | Vaults:4 | Reached skill level 17 in Fighting
 52910 | Vaults:4 | Noticed Saint Roka
 52927 | Vaults:4 | Killed Saint Roka
 53133 | Vaults:4 | Reached XP level 24. HP: 151/175 MP: 41/41
 54395 | Vaults:5 | Entered Level 5 of the Vaults
 54473 | Vaults:5 | Reached skill level 18 in Fighting
 54490 | Vaults:5 | Identified the +9 morningstar of the Bespelled God {flame,
                  | Str+5 Int+4 Stlth+}
 54703 | Vaults:5 | Identified the +3 long sword of the Glimmering Pariah
                  | {heavy, rCorr}
 55429 | Vaults:5 | Noticed a dread lich
 55434 | Vaults:5 | Killed a dread lich
 55524 | Vaults:5 | Got the Discursus on Diablerie and Transportation
 55981 | Vaults:5 | Reached XP level 25. HP: 139/184 MP: 41/41
 56132 | Vaults:5 | Got Sif Muna's Vellum of the Moneychanger
 56616 | Vaults:5 | Reached skill level 15 in Air Magic
 56624 | Vaults:5 | Identified the +1 quarterstaff "Utraxo" {flame, Stlth+}
 56673 | Vaults:5 | Got a silver rune of Zot
 57150 | Slime:1  | Entered Level 1 of the Pits of Slime
 57203 | Slime:1  | Reached skill level 15 in Spellcasting
 57231 | Slime:1  | Saving game... please wait.
 57245 | Slime:1  | Gained mutation: You sometimes lose your temper in combat.
                  | [a shining eye]
 57261 | Slime:1  | Lost mutation: You sometimes lose your temper in combat.
                  | [potion of mutation]
 57261 | Slime:1  | Gained mutation: You have an increased reservoir of magic.
                  | (+10% MP) [potion of mutation]
 57261 | Slime:1  | Gained mutation: You are clumsy. (Dex -2) [potion of
                  | mutation]
 58398 | Slime:3  | Gained mutation: You are frail. (-10% HP) [a shining eye]
 58398 | Slime:3  | Paralysed by a floating eye for 4 turns
 58399 | Slime:3  | Gained mutation: You are very frail. (-20% HP) [a shining
                  | eye]
 58402 | Slime:3  | Lost mutation: You have an increased reservoir of magic.
                  | (+10% MP) [a shining eye]
 58412 | Slime:2  | Lost mutation: You are very frail. (-20% HP) [potion of
                  | mutation]
 58412 | Slime:2  | Lost mutation: You are clumsy. (Dex -2) [potion of
                  | mutation]
 58412 | Slime:2  | Lost mutation: You are frail. (-10% HP) [potion of
                  | mutation]
 58412 | Slime:2  | Gained mutation: Your spells are a little easier to cast,
                  | but a little less powerful. [potion of mutation]
 58412 | Slime:2  | Gained mutation: Your muscles are strong. (Str +4, Int/Dex
                  | -1) [potion of mutation]
 58412 | Slime:2  | Gained mutation: You expend magic power (3 MP) to
                  | strengthen your wands. [potion of mutation]
 58413 | Slime:2  | Lost mutation: Your muscles are strong. (Str +4, Int/Dex
                  | -1) [potion of mutation]
 58413 | Slime:2  | Lost mutation: Your spells are a little easier to cast, but
                  | a little less powerful. [potion of mutation]
 58413 | Slime:2  | Lost mutation: You expend magic power (3 MP) to strengthen
                  | your wands. [potion of mutation]
 58413 | Slime:2  | Gained mutation: Your mind is acute. (Int +4, Str/Dex -1)
                  | [potion of mutation]
 58413 | Slime:2  | Lost mutation: Your mind is acute. (Int +4, Str/Dex -1)
                  | [potion of mutation]
 58413 | Slime:2  | Gained mutation: You are partially covered in iridescent
                  | scales. (AC +2) [potion of mutation]
 58694 | Slime:3  | Gained mutation: You have hidden genetic defects. [a
                  | shining eye]
 58702 | Slime:3  | Gained mutation: You are occasionally teleported next to
                  | monsters. [a shining eye]
 58706 | Slime:3  | Reached skill level 19 in Fighting
 58920 | Slime:4  | Lost mutation: You have hidden genetic defects. [potion of
                  | mutation]
 58920 | Slime:4  | Lost mutation: You are occasionally teleported next to
                  | monsters. [potion of mutation]
 58920 | Slime:4  | Lost mutation: You are partially covered in iridescent
                  | scales. (AC +2) [potion of mutation]
 58920 | Slime:4  | Gained mutation: Your spells are a little harder to cast,
                  | but a little more powerful. [potion of mutation]
 59039 | Slime:5  | Entered Level 5 of the Pits of Slime
 59046 | Slime:5  | Gained mutation: Your magical capacity is low. (-10% MP) [a
                  | shining eye]
 59133 | Slime:3  | Upgraded the game from 0.30-a0-591-g3c58d2bc28 to
                  | 0.30-a0-595-g91969c0fa5
 59142 | Slime:3  | Learned a level 8 spell: Disjunction
 59211 | Slime:5  | Noticed the Royal Jelly
 59234 | Slime:5  | Killed the Royal Jelly
 59588 | Slime:5  | Got a slimy rune of Zot
 59590 | Slime:5  | Identified the ring of Oroaho {Fire Will+ Str+2 Int+2}
 59771 | Slime:5  | Identified the ring of Vodka {Fire SInv}
 59828 | Slime:5  | Identified the +3 glaive "Newt's Funeral" {flame, rCorr}
 60092 | Shoals:1 | Entered Level 1 of the Shoals
 60329 | Shoals:1 | Found a transporter.
 60332 | Shoals:1 | Found a transporter.
 60504 | Shoals:1 | Found a bloodstained altar of Trog.
 60504 | Shoals:1 | Noticed Xiwoan's ghost (adept GnFi)
 60562 | Shoals:1 | Killed Xiwoan's ghost
 60681 | Shoals:1 | Identified the +1 hat "Ogoghe Toenn" {Will+}
 61637 | Shoals:2 | Reached XP level 26. HP: 195/195 MP: 34/38
 61684 | Shoals:2 | Acquired the ring "Riqutogi" {Wiz rC- Int+5}
 62357 | Shoals:3 | Found a runed translucent door.
 62359 | Shoals:3 | Noticed sanka's ghost (adept DgHu)
 62402 | Shoals:3 | Killed sanka's ghost
 62974 | Shoals:3 | Found Zanuozy's Armour Shoppe.
 62980 | Shoals:3 | Reached skill level 20 in Fighting
 63298 | Shoals:4 | Entered Level 4 of the Shoals
 63298 | Shoals:4 | Found a hide-covered altar of Uskayaw.
 63374 | Shoals:4 | Paralysed by an air elemental for 1 turns
 63510 | Shoals:4 | Noticed Polyphemus
 63535 | Shoals:4 | Killed Polyphemus
 63722 | Shoals:4 | Got a barnacled rune of Zot
 63986 | Shoals:4 | Found a blossoming altar of Fedhas.
 64152 | Shoals:4 | Paralysed by an air elemental for 1 turns
 64192 | Shoals:4 | Found a blossoming altar of Fedhas.
 64662 | Depths:3 | Voluntarily entered the Abyss.
 64811 | Abyss:2  | Found a sparkling altar of Nemelex Xobeh.
 65009 | Abyss:3  | Noticed an ancient lich
 65017 | Abyss:3  | Killed an ancient lich
 65393 | Abyss:3  | Noticed a dread lich
 65398 | Abyss:3  | Killed a dread lich
 65494 | Abyss:4  | Found a corrupted altar of Lugonu.
 65549 | Abyss:4  | Noticed an ancient lich
 65551 | Abyss:4  | Killed an ancient lich
 65552 | Abyss:4  | Reached skill level 21 in Fighting
 65558 | Abyss:4  | Got an abyssal rune of Zot
 65565 | Depths:3 | Escaped the Abyss
 65645 | Pan      | Entered Pandemonium
 65721 | Pan      | Reached XP level 27. HP: 201/205 MP: 39/39
 66131 | Pan      | Noticed Iwety the pandemonium lord
 66146 | Pan      | Killed Iwety the pandemonium lord
 66367 | Pan      | Got a demonic rune of Zot
 66425 | Pan      | Identified the +2 sling of Acostromau {antimagic, rPois rF-
                  | Str+4 SInv}
 67124 | Pan      | Gained mutation: Your body sometimes deteriorates upon
                  | taking damage. [a neqoxec]
 67127 | Pan      | Noticed Gialihesh the pandemonium lord
 67136 | Pan      | Killed Gialihesh the pandemonium lord
 67755 | Pan      | Noticed Riple the pandemonium lord
 67771 | Pan      | Killed Riple the pandemonium lord
 68136 | Pan      | Reached skill level 22 in Fighting
 68689 | Pan      | Noticed Ymicson the pandemonium lord
 68692 | Pan      | Killed Ymicson the pandemonium lord
 68900 | Pan      | Entered the realm of Gloorx Vloq.
 69092 | Pan      | Noticed Mennas
 69101 | Pan      | Killed Mennas
 69649 | Pan      | Noticed Gloorx Vloq
 70137 | Pan      | Killed Gloorx Vloq
 70148 | Pan      | Got a dark rune of Zot
 70568 | Pan      | Entered the realm of Cerebov.
 70587 | Pan      | Reached skill level 23 in Fighting
 70658 | Pan      | Found an exit through the horrors of the Abyss.
 70698 | Pan      | Identified the ring "Xuaxisos" {Drain rF+ MP+9 SInv}
 71085 | Pan      | Identified the amulet "Pyghydy" {Reflect rElec Str+3 Dex+2
                  | SH+5}
 71095 | Pan      | Identified the ring of Qustroxol {rPois rC+ Str-2 Int-2
                  | SInv}
 71242 | Pan      | Identified the +4 scale mail "Nygiru" {Str+8 Slay+2 SInv}
 71324 | Pan      | Found the +6 sword of Cerebov {flame}
 71324 | Pan      | Noticed Cerebov
 71336 | Pan      | Killed Cerebov
 71345 | Pan      | Identified the +2 helmet "Humowar" {rC+}
 71449 | Pan      | Got a fiery rune of Zot
 71638 | Pan      | Got Asmodeus's Handbook of the Throng
 71728 | Pan      | Identified the ring of Catziome {rCorr Slay+2}
 72596 | Pan      | Identified the +8 tower shield "Bekkem" {rPois rC- Dex+3}
 72600 | Pan      | Noticed Puucats the pandemonium lord
 72606 | Pan      | Killed Puucats the pandemonium lord
 72857 | Pan      | Noticed Ruvulyr the pandemonium lord
 72866 | Pan      | Killed Ruvulyr the pandemonium lord
 73017 | Pan      | Found a transporter.
 73078 | Pan      | Found a transporter.
 73434 | Pan      | Identified the amulet of the Rabble {Acrobat *Slow +Blink
                  | Str+6}
 73464 | Pan      | Identified the ring of Ethics {rPois rF+ MP+9 Int+8}
 73668 | Pan      | Noticed Nav Ufol the pandemonium lord
 73683 | Pan      | Killed Nav Ufol the pandemonium lord
 73839 | Pan      | Noticed Qaisuq the pandemonium lord
 73850 | Pan      | Killed Qaisuq the pandemonium lord
 74143 | Pan      | Entered the realm of Lom Lobon.
 74227 | Pan      | Noticed Lom Lobon
 74271 | Pan      | Killed Lom Lobon
 74539 | Pan      | Got a magical rune of Zot
 74767 | Pan      | Reached skill level 24 in Fighting
 75281 | Pan      | Entered the realm of Mnoleg.
 75361 | Pan      | Lost mutation: Your spells are a little harder to cast, but
                  | a little more powerful. [a cacodemon]
 75571 | Pan      | Found an exit through the horrors of the Abyss.
 75652 | Pan      | Gained mutation: You have a pair of small antennae on your
                  | head. [a neqoxec]
 76146 | Pan      | Gained mutation: You sometimes lose your temper in combat.
                  | [a neqoxec]
 76154 | Pan      | Lost mutation: You sometimes lose your temper in combat.
                  | [potion of mutation]
 76154 | Pan      | Lost mutation: Your body sometimes deteriorates upon taking
                  | damage. [potion of mutation]
 76154 | Pan      | Lost mutation: Your magical capacity is low. (-10% MP)
                  | [potion of mutation]
 76154 | Pan      | Gained mutation: You have an increased reservoir of magic.
                  | (+10% MP) [potion of mutation]
 76266 | Pan      | Noticed Mnoleg
 76277 | Pan      | Killed Mnoleg
 76294 | Pan      | Got a glowing rune of Zot
 76465 | Pan      | Gained mutation: You occasionally shout uncontrollably at
                  | your foes. [a neqoxec]
 76586 | Depths:2 | Escaped Pandemonium
 76655 | Hell     | Entered the Vestibule of Hell
 76655 | Hell     | Noticed Geryon
 76665 | Hell     | Killed Geryon
 76889 | Hell     | Found a gateway to the ashen valley of Gehenna.
 76947 | Hell     | Noticed an ancient lich
 76951 | Hell     | Killed an ancient lich
 76963 | Hell     | Found a gateway to the decaying netherworld of Tartarus.
 77048 | Hell     | Found a gateway to the freezing wastes of Cocytus.
 77184 | Hell     | Found a gateway to the Iron City of Dis.
 77342 | Hell     | Learned a level 9 spell: Polar Vortex
 77374 | Geh:1    | Entered Level 1 of Gehenna
 77394 | Geh:1    | Learned a level 4 spell: Passage of Golubria
 77690 | Geh:1    | Saving game... please wait.
 77690 | Geh:1    | Upgraded the game from 0.30-a0-595-g91969c0fa5 to
                  | 0.30-a0-612-g150a0467c1
 77830 | Geh:2    | Reached skill level 10 in Ice Magic
 77916 | Geh:3    | Noticed an ancient lich
 77916 | Geh:3    | Noticed a dread lich
 77916 | Geh:3    | Noticed a dread lich
 77916 | Geh:3    | Noticed a dread lich
 78188 | Geh:3    | Killed an ancient lich
 78191 | Geh:3    | Killed a dread lich
 78195 | Geh:3    | Killed a dread lich
 78199 | Geh:3    | Killed a dread lich
 78742 | Geh:7    | Entered Level 7 of Gehenna
 79140 | Geh:7    | Reached skill level 15 in Ice Magic
 79154 | Geh:7    | Noticed the Serpent of Hell
 79163 | Geh:7    | Killed the Serpent of Hell
 79439 | Geh:7    | Identified the +1 mace "Xazo" {freeze, rC+}
 79440 | Geh:7    | Identified the ring "Kunt" {Wiz rN+ rCorr Dex+2}
 79483 | Geh:7    | Found the +7 sceptre of Asmodeus
 79483 | Geh:7    | Noticed Asmodeus
 79492 | Geh:7    | Killed Asmodeus
 79510 | Geh:7    | Identified the +4 shadow dragon scales of Pawucong {rN+
                  | Stlth++++}
 79515 | Geh:7    | Found the +5 robe of Misfortune {Harm *Corrode *Slow EV+5}
 79541 | Geh:7    | Identified the +1 fire dragon scales "Guqona" {Rampage rF++
                  | rC-}
 79546 | Geh:7    | Identified the ring "Diptug" {rPois Will+ rCorr}
 79564 | Geh:7    | Identified the +7 great sword of Evil {flame, +Blink Str+5
                  | Int-3}
 79573 | Geh:7    | Got an obsidian rune of Zot
 80200 | Geh:7    | Identified the +4 quarterstaff of the Stoat {flame, *Rage
                  | Int+6}
 80929 | Tar:1    | Entered Level 1 of Tartarus
 81007 | Tar:2    | Noticed an ancient lich
 81024 | Tar:2    | Killed an ancient lich
 81269 | Tar:5    | You are sucked into a shaft and drop 1 floor!
 81408 | Tar:7    | Entered Level 7 of Tartarus
 82253 | Tar:7    | Noticed Ereshkigal
 82286 | Tar:7    | Killed Ereshkigal
 82522 | Tar:7    | Identified the +0 chain mail of Nuleps {Fly rC+ Int+3}
 82525 | Tar:7    | Identified the +3 demon trident "Mefaall" {vamp, Str+7
                  | Dex+3}
 82527 | Tar:7    | Got a bone rune of Zot
 82528 | Tar:7    | Identified the amulet of Dogae {Faith +Inv Dex+4}
 82593 | Tar:7    | Identified the +4 dagger "Ureanod" {pain, Will- Str+2 Dex+4
                  | SInv}
 82763 | Tar:7    | Got the Vellum of the Charged Iceberg
 82766 | Tar:7    | Identified the ring "Ifokhlak" {rN+ Str+4 Int+6}
 83198 | Coc:1    | Entered Level 1 of Cocytus
 83418 | Coc:3    | Noticed an ancient lich
 83423 | Coc:3    | Killed an ancient lich
 83762 | Coc:5    | Paralysed by a wendigo for 1 turns
 83856 | Coc:6    | Noticed a dread lich
 83864 | Coc:6    | Killed a dread lich
 83890 | Coc:6    | Saving game... please wait.
 83914 | Coc:7    | Entered Level 7 of Cocytus
 84175 | Coc:7    | Paralysed by a wendigo for 1 turns
 84181 | Coc:7    | Paralysed by a wendigo for 1 turns
 84291 | Coc:7    | Reached skill level 25 in Fighting
 84425 | Coc:7    | Identified the +4 trident "Tumylim" {heavy, rPois Will+
                  | Str-3 Dex+3}
 84425 | Coc:7    | Noticed Antaeus
 84442 | Coc:7    | Killed Antaeus
 84631 | Coc:7    | Identified the +4 shortbow of the Saviour {freeze, Str+5
                  | Dex-2 SInv}
 84640 | Coc:7    | Got an icy rune of Zot
 84652 | Coc:7    | Identified the +9 sling "Ruriuk" {antimagic, Fragile +Blink
                  | rElec Int-5}
 85353 | Coc:7    | Identified the +5 trident "Ototimn" {flame, Fragile rPois
                  | rC+ Int+5}
 85472 | Dis:1    | Entered Level 1 of the Iron City of Dis
 86671 | Dis:6    | Reached skill level 15 in Invocations
 87046 | Dis:7    | Entered Level 7 of the Iron City of Dis
 87119 | Dis:7    | Saving game... please wait.
 87119 | Dis:7    | Upgraded the game from 0.30-a0-612-g150a0467c1 to
                  | 0.30-a0-618-gd6c86c23d0
 87827 | Dis:7    | Saving game... please wait.
 88288 | Dis:7    | Saving game... please wait.
 88354 | Dis:7    | Found the +4 staff of Dispater
 88354 | Dis:7    | Noticed Dispater
 88354 | Dis:7    | Noticed a juggernaut
 88605 | Dis:7    | Killed a juggernaut
 88608 | Dis:7    | Identified the +6 tower shield of Twilight {rF+ rN+}
 88625 | Dis:7    | Killed Dispater
 88716 | Dis:7    | Got an iron rune of Zot
 88717 | Dis:7    | Identified the ring "Obiarief" {rF+ Will+ Int+5 Slay+4}
 89903 | Dis:7    | Noticed a juggernaut
 89908 | Dis:7    | Killed a juggernaut
 90381 | Crypt:1  | Entered Level 1 of the Crypt
 90429 | Crypt:1  | Noticed Bai Suzhen
 90435 | Crypt:1  | Killed Bai Suzhen
 90436 | Crypt:1  | Reached skill level 1 in Shields
 90886 | Crypt:1  | Reached skill level 5 in Shields
 90886 | Crypt:1  | Noticed Donald
 90889 | Crypt:1  | Killed Donald
 91342 | Crypt:2  | Identified the +4 arbalest "Lifebane" {drain, Contam rElec
                  | Dex+2}
 91601 | Crypt:2  | Saving game... please wait.
 91683 | Crypt:2  | Noticed Grunn
 91689 | Crypt:2  | Killed Grunn
 91895 | Crypt:3  | Entered Level 3 of the Crypt
 92503 | Crypt:3  | Reached skill level 10 in Shields
 93056 | Crypt:3  | Found a staircase to the Tomb.
 93311 | Crypt:3  | Identified the +6 long sword "Spiderslayer" {spect, Int+3}
 93435 | Tomb:1   | Entered Level 1 of the Tomb of the Ancients
 94102 | Tomb:1   | Noticed a royal mummy
 94107 | Tomb:1   | Killed a royal mummy
 94236 | Tomb:1   | Noticed a royal mummy
 94240 | Tomb:1   | Killed a royal mummy
 94450 | Tomb:2   | Noticed a royal mummy
 94451 | Tomb:2   | Noticed a royal mummy
 94451 | Tomb:2   | Noticed a royal mummy
 94451 | Tomb:2   | Noticed a royal mummy
 94454 | Tomb:2   | Reached skill level 26 in Fighting
 94923 | Tomb:2   | Noticed a royal mummy
 94929 | Tomb:2   | Killed a royal mummy
 94943 | Tomb:2   | HP: 10/330 [death scarab (16)]
 94943 | Tomb:2   | Mangled by a death scarab

Illustrated notes

Levels and vault maps discovered:
D:1:      co_arrival_random_square_maze, layout_basic, serial_shops,
          nicolae_shop_crystal, st_stairs_10
D:2:      layout_loops_ring, minmay_pentomino_o4
D:3:      layout_rooms, uniq_crazy_yiuf_cottage, uniq_jessica
D:4:      layout_basic, minmay_liquid_box, nicolae_figureground_pulse,
          uniq_natasha, uniq_duvessa
D:5:      layout_basic
D:6:      layout_basic, lemuel_tele_altar, gammafunk_ghost_cemetery,
          nicolae_elevator_lobby_asterisk
D:7:      layout_cave_pools, minmay_temple_entry_statues, uniq_menkaure,
          uniq_maggie
D:8:      layout_gridville, worldfamousw_hep_ancestral_shrine,
          hellmonk_lair_entry_icy
D:9:      layout_basic, orc_0_dummy, nzn_ghost_randoct,
          chequers_serial_rivers_small_3, minmay_holes, amethyst_killhole,
          chequers_jeans
D:10:     layout_loops_ring, nicolae_overflow_quartered_altars, enter_bailey_8,
          the_hattery
D:11:     layout_basic, gammafunk_ghost_berserking_beasts, uniq_josephine,
          uniq_lodul
D:12:     layout_cave_pools, gauntlet_entry_generic
D:13:     layout_roguey, special_room [special_room_bee], uniq_frances
D:14:     lemuel_slime, layout_small_grid, grunt_vaults_entry_fortified,
          grunt_ministairs_12, uniq_roxanne, uniq_azrael
D:15:     gammafunk_enter_depths_forms, layout_irregular_city,
          serial_co_window_serial, co_window_paths_a,
          co_window_of_opportunity_a, co_window_paths_a, co_window_paths_a,
          co_window_paths_b, co_window_broadway_a, co_window_of_opportunity_c,
          co_window_corner_b, co_window_unsneaky_path_a, glass_columns_a,
          glass_columns_a, lemuel_zombie_altar_kikubaaqudgha, uniq_kirke
Temple:   nicolae_temple_slightly_damp_pantheon
Lair:1:   layout_long_grid, chequers_serial_rivers_micro_a,
          nicolae_quartered_pool_super, infiniplex_staircase_pool_2
Lair:2:   layout_concentric_octagons
Lair:3:   layout_regular_city, elwin_shoals_entry_stream,
          nicolae_spider_entry_non_spiders, infiniplex_staircase_pool
Lair:4:   statuecave_lemuel, layout_gridlike, slime_entry_1, serial_forest,
          infiniplex_forest_side_room, infiniplex_forest_lined_2,
          infiniplex_forest_lined_corner, infiniplex_forest_end_3,
          infiniplex_forest_lined_1, infiniplex_forest_clump_curved
Lair:5:   guppyfry_lair_end_dragon, layout_gridlike, wormcave, st_stairs_6
Shoals:1: layout_shoals, gammafunk_ghost_wrathful_warriors
Shoals:2: layout_shoals, st_shoals_ruin
Shoals:3: layout_shoals, serial_shops, nicolae_square_shop,
          ebering_ghost_inner_flame
Shoals:4: shoals_end_hellmonk_storm_palace [storm_palace_center_ruins,
          storm_palace_corner_altar, storm_palace_corner_altar,
          storm_palace_corner_altar, storm_palace_corner_blocked],
          uniq_polyphemus
Spider:1: layout_spider_delve, nicolae_crawler_farm, uniq_mlioglotl
Spider:2: layout_spider_delve, gammafunk_ghost_tricky_traps, uniq_arachne
Spider:3: layout_spider_delve
Spider:4: spider_rune_water, nicolae_spider_scorpion_nest
Slime:1:  layout_caves
Slime:2:  cheibrodos_slime_lost_civilization_8, layout_caves
Slime:3:  layout_caves, special_room [special_room_jelly]
Slime:4:  layout_caves
Slime:5
Orc:1:    nicolae_orc_accident_3, layout_diamond_mine, serial_shops,
          nicolae_shop_overgrown_old_shop, okawaru_metal_pillars_1_2
Orc:2:    grunt_orc_cross, layout_diamond_mine, basic_altar, serial_shops,
          nicolae_shop_overgrown_old_shop, nicolae_shop_self_help
Elf:1:    layout_loops_corners, portal_desolation_entry_salt,
          kennysheep_underground_church, uniq_zenata
Elf:2:    nicolae_elf_blades_crystal_corner, layout_rooms, serial_shops,
          shop_fountains
Elf:3:    minmay_elf_hall_spiked, layout_rooms, minmay_shop_star
Vaults:1: vaults_dpeg_emergency_exit, v_rooms_4, v_rooms_5, v_misc_9,
          v_pattern_1, grunt_vaults_swirl, hangedman_vaults_stretched_pinwheel,
          nicolae_vaults_c_with_doors, v_misc_16, v_misc_19,
          nicolae_vaults_little_squares_5, ontoclasm_vaults_shuriken,
          vaults_mumra_hex, layout_vaults_ring
Vaults:2: v_alt_pattern_1, v_alt_pattern_4, v_misc_26, v_misc_25,
          vaults_room_ringed_pool, v_alt_pattern_5, vaults_room_pools,
          vaults_room_semicircle, nicolae_vaults_big_ls, v_misc_29, v_pattern_3,
          nicolae_vaults_what_the_h, nicolae_vaults_little_ls, v_misc_19,
          vaults_room_hallway, layout_vaults_omnibox
Vaults:3: minmay_crypt_entry_necro_gods, hangedman_vaults_cutoff,
          ontoclasm_vaults_gateway, ontoclasm_vaults_ring_square,
          vaults_dpeg_encased_lava, nicolae_vaults_yaktaur_gun_rack,
          nicolae_vaults_diagonal_hallway_7, layout_vaults_omnigrid,
          enter_trove_2, uniq_jory, uniq_asterion, uniq_sojobo, uniq_xtahua
Vaults:4: v_misc_15, nicolae_vaults_arrows, hangedman_vaults_corner,
          v_alt_pattern_3, v_misc_4, v_rooms_2, vaults_room_pool,
          hangedman_vaults_stitches, nicolae_vaults_statue_guard,
          vaults_room_stairs_pillars, vaults_room_pool,
          nicolae_vaults_network_square, vaults_room_stairs_pillars,
          ontoclasm_vaults_decontamination, layout_vaults_maze_snakey,
          uniq_saint_roka
Vaults:5: serial_shops
Crypt:1:  layout_misc_corridors, nicolae_crypt_crumbling_hall,
          grunt_crypt_arrival_split, uniq_bai_suzhen, uniq_donald, uniq_margery
Crypt:2:  layout_rooms, grunt_megastairs_2, uniq_grunn
Crypt:3:  due_elkab, layout_chaotic_city, nicolae_tomb_entry_grand_gallery
Tomb:1
Tomb:2
Depths:1: layout_gridlike, pf_hell_entry_tar_river, kennysheep_nondescript,
          chequers_serial_rivers_small_3, xom_redecorated
Depths:2: nzn_winding_woodlands_small [nzn_winding_woodlands_5x15_longhouse,
          nzn_winding_woodlands_center_pierced_h,
          nzn_winding_woodlands_5x15_pockets], layout_basic, hell_entry,
          rand_demon_pan_entry_3, minmay_staircase_bubble
Depths:3: minmay_the_grid_plus [minmay_the_grid_x, minmay_the_grid_large_cup,
          minmay_the_grid_all_tris, minmay_the_grid_tiny_cups,
          minmay_the_grid_prize_big_room], layout_cave_shapes, lightli_too_deep,
          abyss_entry, nicolae_yredelemnul_corpse_copse
Depths:4: grunt_crosshair, layout_cave_shapes, enter_ziggurat_b,
          hangedman_coc_ice_floe, abyss_entry, minmay_misc_feat_five,
          cheibrodos_ashenzari_chains
Hell
Dis:1:    layout_overlapping_boxes
Dis:2:    layout_subdivisions, minmay_strange_pillars, nicolae_dis_scattering
Dis:3:    layout_gridville, nicolae_dis_spooky_hallway
Dis:4:    layout_subdivisions
Dis:5:    layout_jigsaw
Dis:6:    layout_regular_city
Dis:7:    dis_st
Geh:1:    nicolae_geh_erupted_tower, layout_gehenna_pools_basic,
          nicolae_geh_lavax
Geh:2:    layout_gehenna_pools_triple
Geh:3:    layout_gehenna_pools_box, nicolae_geh_liches_on_tour
Geh:4:    layout_gehenna_lava_caves
Geh:5:    layout_gehenna_lava_caves, gehenna_fire_generator,
          nicolae_hells_seeping_fissure
Geh:6:    layout_gehenna_pools_basic, lemuel_flamethrower_2
Geh:7:    geh_mu
Coc:1:    layout_ice_bergs
Coc:2:    layout_cocytus_water_paths
Coc:3:    layout_ice_bergs, nicolae_hells_hurtin_island
Coc:4:    layout_cocytus_water_paths
Coc:5:    layout_cocytus_water_paths
Coc:6:    layout_ice_bergs
Coc:7:    coc_hangedman
Tar:1:    layout_honeycomb
Tar:2:    layout_catacombs, nicolae_tar_cuneiform_bird, evilmike_ambush
          [evilmike_ambush_outer_corners, evilmike_ambush_inner_basic]
Tar:3:    layout_catacombs
Tar:4:    layout_cathedral_of_symmetry
Tar:5:    layout_grid_maze
Tar:6:    layout_catacombs
Tar:7:    tar_minmay_river

Skill      XL: |  1  2  3  4  5  6  7  8  9 10 11 12 13 14 15 16 17 18 19 20 21 22 23 24 25 26 27 |
---------------+----------------------------------------------------------------------------------+-----
Ice Magic      | 1 2 3 4 5 6 7 23 | 23.2
Transmutations | 3 4 5 6 7 8 12 14 15 16 17 24 | 24.1
Evocations     | 1 2 4 5 6 7 |  7.0
Fighting       | 2 3 5 7 9 11 12 14 15 16 17 18 19 21 26 | 26.0
Unarmed Combat | 4 6 7 8 9 10 11 12 13 14 15 16 17 18 19 23 | 23.7
Translocations | 2 4 6 9 11 13 15 16 17 18 | 18.0
Dodging        | 3 4 5 6 8 9 10 11 12 13 14 15 16 17 18 24 | 24.3
Spellcasting   | 3 5 6 7 8 9 10 11 12 13 14 15 16 22 | 22.1
Invocations    | 6 7 9 11 12 13 17 | 17.4
Air Magic      | 1 6 9 11 13 14 16 17 24 | 24.0
Shields        | 12 | 12.2

Action                   |  1- 3 |  4- 6 |  7- 9 | 10-12 | 13-15 | 16-18 | 19-21 | 22-24 | 25-27 || total
-------------------------+-------+-------+-------+-------+-------+-------+-------+-------+-------++-------
Melee: Unarmed           |    62 |   115 |   270 |   471 |   493 |   686 |   954 |   901 |  4479 ||  8431
       Constrict         |    19 |    18 |     2 |       |     2 |     1 |     5 |     2 |    12 ||    61
       Tentacles         |    11 |    14 |     3 |     2 |     1 |     6 |    11 |    15 |    25 ||    88
       Kick              |     8 |    21 |     1 |       |       |       |     3 |       |       ||    33
       Punch             |     2 |     6 |       |     1 |    30 |    53 |   101 |   102 |   440 ||   735
       Tailslap          |       |       |       |       |    79 |    72 |   170 |    84 |   103 ||   508
       Bite              |       |       |       |       |    62 |    67 |   118 |    74 |    69 ||   390
       Staff             |       |       |       |       |       |       |       |       |    13 ||    13
 Cast: Beastly Appendage |     8 |    14 |     1 |       |     1 |     3 |     7 |       |       ||    34
       Ice Form          |       |     5 |    29 |    46 |     6 |     2 |     1 |     1 |       ||    90
       Wereblood         |       |     1 |     2 |     5 |     7 |     7 |     2 |     5 |    25 ||    54
       Sandblast         |       |       |       |    22 |       |       |       |       |       ||    22
       Momentum Strike   |       |       |       |     2 |       |       |       |       |       ||     2
       Dragon Form       |       |       |       |     1 |    66 |    68 |    88 |    37 |    68 ||   328
       Lesser Beckoning  |       |       |       |       |    14 |    45 |       |     1 |       ||    60
       Manifold Assault  |       |       |       |       |       |   107 |   116 |    88 |  1313 ||  1624
       Vhi's Electric Ch |       |       |       |       |       |     4 |     6 |       |     1 ||    11
       Storm Form        |       |       |       |       |       |       |       |    26 |   228 ||   254
       Passage of Golubr |       |       |       |       |       |       |       |       |     4 ||     4
       Disjunction       |       |       |       |       |       |       |       |       |     1 ||     1
Invok: Divine Shield     |       |       |       |     4 |     4 |     9 |     6 |    11 |    55 ||    89
       Summon Divine War |       |       |       |       |     1 |     1 |     1 |     2 |    38 ||    43
 Abil: Evoke Blink       |       |       |       |     1 |       |       |       |       |     1 ||     2
       Breathe Fire      |       |       |       |       |     5 |     2 |     2 |       |       ||     9
       Blinkbolt         |       |       |       |       |       |       |       |       |     3 ||     3
Evoke: Wand              |       |     1 |     6 |    13 |     3 |     2 |     1 |       |     4 ||    30
       Lightning rod     |       |       |       |     1 |     1 |       |       |       |       ||     2
  Use: Potion            |       |     1 |     2 |     3 |       |     2 |       |       |    14 ||    22
       Scroll            |       |       |    10 |     5 |     3 |     8 |    12 |       |    11 ||    49
 Stab: Sleeping          |     6 |     3 |     1 |       |       |       |       |       |       ||    10
Armor: Skin              |     2 |    30 |   124 |   125 |   234 |   247 |   311 |   192 |   451 ||  1716
Dodge: Dodged            |    41 |    55 |   125 |   209 |   179 |   291 |   360 |   486 |  2060 ||  3806
Block: Other             |       |       |       |     9 |    16 |   117 |   152 |   219 |   662 ||  1175
       Reflection        |       |       |       |       |       |       |    14 |    33 |    22 ||    69

Table legend: (Time is in decaauts)
 A = Elapsed time spent in this place.
 B = Non-inter-level travel time spent in this place.
 C = Inter-level travel time spent in this place.
 D = Time resting spent in this place.
 E = Time spent auto-exploring this place.
 F = Levels seen in this place.
 G = Mean time per level.
                   A        B        C        D        E       F      G
               +--------+--------+--------+--------+--------+-----+--------+
         Total |  92757 |  88269 |   4488 |  10764 |  55325 | 108 |  858.9 |
       Dungeon |  17069 |  15729 |   1340 |    620 |  12800 |  15 | 1137.9 |
        Temple |    224 |    204 |     20 |      0 |    150 |   1 |  224.0 |
          Lair |   8160 |   7433 |    727 |    840 |   5098 |   5 | 1632.0 |
        Shoals |   4192 |   4057 |    135 |      0 |   3341 |   4 | 1048.0 |
   Spider Nest |   5688 |   5510 |    178 |   1158 |   3170 |   4 | 1422.0 |
    Slime Pits |   2820 |   2687 |    133 |    533 |   1449 |   5 |  564.0 |
  Orcish Mines |   2494 |   2320 |    174 |    187 |   1716 |   2 | 1247.0 |
   Elven Halls |   4775 |   4632 |    143 |    831 |   2535 |   3 | 1591.7 |
        Vaults |  10297 |   9898 |    399 |    593 |   7864 |   5 | 2059.4 |
         Crypt |   2924 |   2781 |    143 |      0 |   2158 |   3 |  974.7 |
          Tomb |   1508 |   1455 |     53 |    313 |    499 |   2 |  754.0 |
        Depths |   5966 |   5744 |    222 |    559 |   4176 |   4 | 1491.5 |
          Hell |   1027 |    917 |    110 |    195 |    494 |   1 | 1027.0 |
           Dis |   4482 |   4372 |    110 |   1652 |   1290 |   7 |  640.3 |
       Gehenna |   3189 |   2667 |    522 |    404 |   1037 |   7 |  455.6 |
       Cocytus |   2098 |   2089 |      9 |    432 |    778 |   7 |  299.7 |
      Tartarus |   2081 |   2015 |     66 |    250 |    573 |   7 |  297.3 |
         Abyss |    844 |    844 |      0 |    127 |     95 |   4 |  211.0 |
   Pandemonium |  10534 |  10534 |      0 |   1565 |   5117 |  19 |  554.4 |
        Bailey |    550 |    550 |      0 |      0 |    289 |   1 |  550.0 |
    Desolation |   1416 |   1416 |      0 |    505 |    547 |   1 | 1416.0 |
      Gauntlet |    407 |    407 |      0 |      0 |    149 |   1 |  407.0 |
               +--------+--------+--------+--------+--------+-----+--------+

Top non-repeatable levels by time:
   Dis:7: 2985 daAuts
Vaults:5: 2410 daAuts
Depths:3: 2150 daAuts
Vaults:3: 2144 daAuts
Vaults:1: 2128 daAuts
   Geh:7: 2089 daAuts
Spider:4: 2052 daAuts
Vaults:2: 1911 daAuts
  Lair:2: 1910 daAuts
  Lair:1: 1898 daAuts
   Elf:1: 1874 daAuts
Depths:2: 1812 daAuts
Vaults:4: 1702 daAuts
   Tar:7: 1642 daAuts
   Elf:3: 1634 daAuts
